 Dungeon Crawl Stone Soup version 0.19.5 (webtiles) character file.

3376 Haldmier the Slicer (level 9, 0/54 HPs)
             Began as a High Elf Skald on Mar 27, 2017.
             Was an Initiate of Ashenzari.
             Slain by a hog (8 damage)
             ... on level 7 of the Dungeon on Mar 31, 2017.
             The game lasted 00:38:33 (10187 turns).

Haldmier the Slicer (High Elf Skald)               Turns: 10187, Time: 00:38:34

Health: 0/54       AC: 13    Str: 14    XL:     9   Next: 74%
Magic:  11/16      EV: 10    Int: 17    God:    Ashenzari [......]
Gold:   414        SH:  0    Dex: 15    Spells: 4 memorised, 7 levels left

rFire  . . .     SeeInvis .     K - +3 dagger (elec) (curse)
rCold  . . .     Gourm    .     S - +3 ring mail
rNeg   . . .     Faith    .     (no shield)
rPois  .         Spirit   .     L - +0 helmet
rElec  .         Reflect  .     B - +2 cloak
rCorr  .         Harm     .     (no gloves)
MR     +....                    I - +0 pair of boots
Stlth  ++........               h - amulet of regeneration (curse)
                                Z - ring of protection from magic (curse)
                                V - ring of wizardry

@: no status effects
A: no striking features
a: Curse Item, Renounce Religion


You were on level 7 of the Dungeon.
You worshipped Ashenzari.
Ashenzari was noncommittal.
You were hungry.

You visited 2 branches of the dungeon, and saw 8 of its levels.

You collected 414 gold pieces.

Inventory:

Hand Weapons
 m - a +2 dagger of freezing
 A - a +0 falchion of holy wrath
 K - a cursed +3 dagger of electrocution (weapon)
Missiles
 N - 8 javelins (quivered)
Armour
 B - a +2 cloak (worn)
 H - a +0 scale mail of fire resistance
 I - a +0 pair of boots (worn)
 L - a +0 helmet (worn)
 S - a +3 ring mail (worn)
Jewellery
 h - a cursed amulet of regeneration (around neck)
 p - an uncursed ring of fire
 V - a ring of wizardry (left hand)
 Z - a cursed ring of protection from magic (right hand)
Wands
 v - a wand of lightning (6/15)
 D - a wand of paralysis (14/24)
 Q - a wand of digging (7/24)
 W - a wand of iceblast (15/15)
Scrolls
 a - a scroll of identify
 g - a scroll of immolation
 i - a scroll of fear {unknown}
 s - a scroll of remove curse
 C - 2 scrolls of teleportation
 O - a scroll of blinking
 U - a scroll of enchant armour
Potions
 e - 3 potions of curing {unknown}
 f - 4 potions of flight
 n - a potion of brilliance {unknown}
 t - 4 potions of lignification
 x - 3 potions of might
 F - a potion of beneficial mutation {unknown}
 M - a potion of ambrosia {unknown}
 P - 2 potions of berserk rage
 X - 2 potions of resistance
Books
 c - a book of Battle

   Spells                             Type                      Level
   a - Infusion                       Charms                       1
   b - Shroud of Golubria             Charms/Translocation         2
   c - Song of Slaying                Charms                       2
   d - Spectral Weapon                Hexes/Charms                 3
   e - Regeneration                   Charms/Necromancy            3
Comestibles
 b - 2 chunks of flesh
 d - 9 bread rations
 j - a slice of pizza
 o - a beef jerky
 r - 4 meat rations
 z - a fruit


   Skills:
 - Level 2.0 Fighting
 - Level 8.0(8.6) Short Blades
 - Level 4.6(6.9) Long Blades
 - Level 0.8 Armour
 - Level 1.1 Dodging
 + Level 5.2 Stealth
 - Level 4.1 Spellcasting
 - Level 5.0 Hexes
 + Level 7.0 Charms
 - Level 3.0 Necromancy
 - Level 4.0 Translocations
 + Level 4.4 Evocations


You had 7 spell levels left.
You knew the following spells:

 Your Spells              Type           Power        Failure   Level  Hunger
a - Infusion              Chrm           ####         1%          1    None
b - Shroud of Golubria    Chrm/Tloc      ###.......   2%          2    ##.....
c - Spectral Weapon       Hex/Chrm       ###.....     4%          3    ###....
d - Regeneration          Chrm/Necr      ###.......   6%          3    ###....


Dungeon Overview and Level Annotations

Branches:
Dungeon (7/15)             Temple (1/1) D:7

Altars:
Ashenzari
Cheibriados
Dithmenos
Fedhas
Gozag
Hepliaklqana
Kikubaaqudgha
Makhleb
Nemelex Xobeh
Okawaru
Qazlal
Ru
Sif Muna
Trog
Uskayaw
Vehumet
Xom
Yredelemnul
Zin
The Shining One


Message History

You hit the hog.
The hog is lightly wounded.
Your spectral weapon closely misses the hog.
The hog closely misses you. The hog bites you but does no damage.
You barely miss the hog.
The hog is lightly wounded.
Your spectral weapon hits the hog.
The hog closely misses you. The hog bites you.
You take 2 damage, and have 17/54 hp.
You barely miss the hog.
The hog is moderately wounded.
Your spectral weapon hits the hog but does no damage.
The hog barely misses you.
You hit the hog.
The hog is moderately wounded.
Your spectral weapon hits the hog.
The hog bites you!
* * * LOW HITPOINT WARNING * * *
You take 9 damage, and have 8/54 hp.
The hog bites you!
You die...

#...# #.#
#####...# #.#
......### #.#
#####.# #.# ######
#.# #..... #.#
#..... #.#
######'#########.#
#..#%....#.##hh@.#
#>##%%...'..#)####
##.########...(#
#[..##########.#
#.#.........##.#
#...#######.##.#
##### #.##.# #
#.##.# # #.##.#


You could see 2 hogs.

Vanquished Creatures
  3 yaks (D:7)
  A human (D:7)
  2 hogs (D:7)
  Duvessa (D:4)
  2 orc warriors (D:7)
  An ice beast (D:7)
  The ghost of Rikke the Shield-Bearer, an amateur DDFi (D:4)
  A phantom (D:6)
  A sky beast (D:7)
  3 centaurs
  4 ogres
  2 bullfrogs (D:7)
  Dowan (D:4)
  2 crimson imps
  A centaur zombie (D:7)
  A jelly (D:5)
  6 orc priests
  Crazy Yiuf (D:3)
  2 hounds
  7 orc wizards
  A bullfrog skeleton (D:4)
  3 iguanas
  7 worker ants
  A hound skeleton (D:6)
  Robin (D:4)
  A howler monkey skeleton (D:5)
  10 adders
  2 shadow imps
  4 oozes
  An adder zombie (D:5)
  2 adder skeletons
  2 worms
  5 dart slugs
  8 leopard geckos
  13 orcs
  2 ball pythons
  5 giant cockroaches
  14 goblins
  7 hobgoblins
  3 jackals (D:5)
  3 quokkas
  5 bats
  5 frilled lizards
  A jackal skeleton (D:7)
  8 kobolds
  4 rats
161 creatures vanquished.

Notes
Turn   | Place    | Note
-------+----------+-------------------------------------------
     0 | D:1      | Haldmier the High Elf Skald began the quest for the Orb.
     0 | D:1      | Reached XP level 1. HP: 14/14 MP: 4/4
   500 | D:1      | Reached XP level 2. HP: 17/19 MP: 4/6
  1089 | D:1      | Learned a level 2 spell: Shroud of Golubria
  1371 | D:2      | Reached XP level 3. HP: 24/24 MP: 4/7
  1449 | D:2      | Found a stormy altar of Qazlal.
  1569 | D:2      | Reached skill level 1 in Translocations
  1823 | D:2      | Learned a level 3 spell: Spectral Weapon
  2400 | D:3      | Reached skill level 1 in Hexes
  2400 | D:3      | Reached XP level 4. HP: 22/29 MP: 1/8
  2572 | D:3      | Found a burning altar of Makhleb.
  2629 | D:3      | Found a shimmering altar of Xom.
  2882 | D:3      | Found a snail-covered altar of Cheibriados.
  3219 | D:3      | Found a runed door.
  3225 | D:3      | Noticed Crazy Yiuf
  3230 | D:3      | Killed Crazy Yiuf
  3575 | D:4      | Noticed an ogre
  3581 | D:4      | Killed an ogre
  3581 | D:4      | Reached skill level 1 in Short Blades
  3581 | D:4      | Reached XP level 5. HP: 33/34 MP: 2/9
  3680 | D:4      | Noticed Duvessa
  3695 | D:4      | Noticed Dowan
  3704 | D:4      | Killed Duvessa
  3704 | D:4      | Reached skill level 2 in Short Blades
  3704 | D:4      | Reached XP level 6. HP: 28/39 MP: 2/10
  3707 | D:4      | HP: 1/39 [Dowan/dagger of electrocution (10)]
  3708 | D:4      | Killed Dowan
  3975 | D:3      | Reached skill level 3 in Short Blades
  4786 | D:4      | Reached XP level 7. HP: 28/45 MP: 4/11
  4978 | D:4      | Reached skill level 4 in Short Blades
  5075 | D:4      | Noticed Rikke's ghost (amateur DDFi)
  5243 | D:3      | Learned a level 3 spell: Regeneration
  5279 | D:4      | Noticed Robin
  5303 | D:4      | Killed Robin
  5878 | D:4      | Killed Rikke's ghost
  5878 | D:4      | Reached skill level 1 in Necromancy
  6197 | D:4      | Reached skill level 5 in Short Blades
  6554 | D:5      | Entered Level 5 of the Dungeon
  6792 | D:5      | Reached XP level 8. HP: 50/50 MP: 3/14
  7246 | D:6      | Reached skill level 5 in Hexes
  7265 | D:6      | Reached skill level 6 in Short Blades
  8181 | D:7      | Reached skill level 7 in Short Blades
  8247 | D:7      | Found a staircase to the Ecumenical Temple.
  8517 | Temple   | Entered the Ecumenical Temple
  8601 | Temple   | Became a worshipper of Ashenzari the Shackled
  8888 | D:7      | Reached skill level 1 in Evocations
  9032 | D:7      | Reached skill level 8 in Short Blades
  9078 | Temple   | Reached skill level 1 in Stealth
  9078 | Temple   | Reached XP level 9. HP: 6/54 MP: 12/16
  9355 | Temple   | Reached skill level 5 in Charms
  9792 | D:7      | HP: 2/54 [yak (4)]
 10159 | D:7      | Reached skill level 5 in Stealth
 10187 | D:7      | Slain by a hog

Skill      XL: |  1  2  3  4  5  6  7  8  9 |
---------------+----------------------------+-----
Long Blades    | 3 4 |  4.6
Translocations | 1 2 3 4 |  4.0
Hexes          | 1 2 3 4 5 |  5.0
Short Blades   | 1 2 3 5 8 |  8.0
Spellcasting   | 3 4 |  4.1
Necromancy     | 2 3 |  3.0
Charms         | 4 7 |  7.0
Evocations     | 1 4 |  4.4
Stealth        | 1 5 |  5.2
Fighting       | |  2.0
Armour         | |  0.8
Dodging        | |  1.1

Action                   |  1- 3 |  4- 6 |  7- 9 || total
-------------------------+-------+-------+-------++-------
Melee: Falchion          |    82 |     8 |       ||    90
       Short sword       |       |    85 |   221 ||   306
       Dagger            |       |       |   133 ||   133
 Fire: Hunting sling     |       |     6 |       ||     6
 Cast: Infusion          |    18 |    13 |    34 ||    65
       Spectral Weapon   |       |     3 |    14 ||    17
       Shroud of Golubri |       |     4 |    25 ||    29
       Regeneration      |       |       |     7 ||     7
Invok: Curse Item        |       |       |     2 ||     2
  Use: Scroll            |       |       |    15 ||    15
 Stab: Distracted        |       |       |     1 ||     1
  Eat: Chunk             |     5 |     6 |    20 ||    31
       Fruit             |       |     2 |       ||     2
Armor: Leather armour    |    21 |    26 |    45 ||    92
       Ring mail         |       |       |    38 ||    38
Dodge: Dodged            |    49 |    38 |   109 ||   196
       Rpst.: Falchion   |    15 |     5 |       ||    20
